AoeStats
← arkance

Arabia

510802320Analyzed
1v1 RM · 15h ago on Oct 2, 2026· 29m 45s· 2 players
Game mode
Random Map
Map size
Tiny (2 player)
Population
200
Speed
Normal
Resources
Standard
Victory
Conquest
Starting age
Dark Age
Ending age
Imperial Age
RankedLock teamsTeams togetherTeam positionsShared explorationLock speedFull tech treeHidden civsTurbo modeCheats
Victory
Defeat
🇫🇷 Magyars · France
1244
+15
🇫🇷 Magyars · France
1224
-15
arkance
7:39 Loom
9:57 Feudal Age
10:46 Double-Bit Axe
11:19 Horse Collar
19:56 Wheelbarrow
22:37 Castle Age
21:03 Gold Mining
21:50 Bloodlines
23:14 Fletching
23:58 Bow Saw
24:26 Gold Shaft Mining
24:07 Bodkin Arrow
24:30 Heavy Plow
25:25 Husbandry
26:14 Ballistics
27:15 Padded Archer Armor
Rastadu62
6:43 Loom
9:12 Feudal Age
9:42 Double-Bit Axe
10:05 Horse Collar
18:40 Wheelbarrow
21:31 Castle Age
19:43 Fletching
19:53 Gold Mining
20:55 Bloodlines
22:41 Wheelbarrow
22:18 Bodkin Arrow
22:47 Bow Saw
25:03 Padded Archer Armor
25:40 Ballistics
25:26 Husbandry
28:46 Leather Archer Armor
29:34 Light Cavalry
30:22 Scale Barding Armor
Connection lost

Rejoining the realm…

Still unreachable

The connection could not be restored.

Session expired

The server has moved on; the page needs a fresh start.